 Dungeon Crawl Stone Soup version 0.31-a0-233-g139696dc86 (webtiles) character file.

Game seed: 17258646506046032556

44 qw the Shooter (level 3, -1/21 HPs)
             Began as a Gargoyle Hexslinger on July 8, 2023.
             Killed from afar by Natasha (9 damage)
             ... with a magic dart
             ... on level 2 of the Dungeon.
             The game lasted 00:00:29 (937 turns).

qw the Shooter (Gargoyle Hexslinger)                 Turns: 937, Time: 00:00:29

Health: -1/21      AC:  9    Str: 11    XL:     3   Next: 60%
Magic:  4/4        EV: 10    Int: 13    God:
Gold:   66         SH:  0    Dex: 14    Spells: 3/4 levels left

rFire   . . .        Y - +1 sling
rCold   . . .        (no shield)
rNeg    + . .        h - +0 ring mail
rPois   inf          (no helmet)
rElec   +            k - +0 cloak
rCorr   .            (no gloves)
SInv    .            (no boots)
Will    .....        (no amulet)
Stlth   +            (no ring)
HPRegen 0.23/turn    (no ring)
MPRegen 0.09/turn

%: no passive effects
@: no status effects
A: sickness immunity, AC +3, negative energy resistance 1, electricity
resistance, torment resistance 1, petrification resistance
a: no special abilities


You were on level 2 of the Dungeon.
You visited 1 branch of the dungeon, and saw 2 of its levels.

You collected 66 gold pieces.


Innate Abilities, Weirdness & Mutations

You are immune to sickness and miasma.
Your stone body is resilient. (AC +3)
You are immune to poison.
You resist negative energy. (rN+)
You are resistant to electric shocks. (rElec)
You are resistant to unholy torment.
You are immune to petrification.


   Skills:
 - Level 2.0 Fighting
 + Level 3.3 Ranged Weapons
 - Level 1.0 Armour
 - Level 1.5 Dodging
 - Level 1.0 Spellcasting
 - Level 2.6 Hexes


You had 3 spell levels left.
You knew the following spells:

 Your Spells              Type           Power      Damage    Failure   Level
a - Slow                  Hex            28%        N/A       22%         1

Your spell library contained the following spells:

 Spells                   Type           Power      Damage    Failure   Level
 Inner Flame              Hex/Fire       4%         N/A       75%         3
 Portal Projectile        Hex/Tloc       8%         N/A       75%         3
 Cause Fear               Hex            3%         N/A       91%         4

Inventory:

Hand Weapons
 Y - a +1 sling (weapon)
Armour
 d - a +0 helmet
 h - a +0 ring mail (worn)
 k - a +0 cloak (worn)
Jewellery
 b - an amulet of regeneration
Scrolls
 c - a scroll of enchant armour {unknown}
Potions
 a - a potion of berserk rage {unknown}
 e - a potion of invisibility {unknown}
 f - a potion of attraction {unknown}
 g - a potion of haste {unknown}
 i - a potion of ambrosia {unknown}
 m - a potion of curing

Dungeon Overview and Level Annotations

Branches:
Dungeon (2/15)

Altars:

Annotations:
D:2 Natasha


Message History

You shoot a sling bullet.
The sling bullet closely misses Natasha.
You shoot a sling bullet.
The sling bullet closely misses Natasha.
Natasha closely misses you.
Natasha mumbles some strange words.
You shoot a sling bullet. The sling bullet hits Natasha.
Natasha is lightly wounded.
Natasha completely misses you.
The cerulean imp hits you but does no damage.
You shoot a sling bullet. The sling bullet barely misses Natasha.
The sling bullet hits the cerulean imp!
The cerulean imp is heavily wounded.
The cerulean imp hits you from afar with a +1 spear.
Natasha claws you.
You shoot a sling bullet. The sling bullet hits Natasha.
Natasha is lightly wounded.
Natasha completely misses you. The cerulean imp barely misses you.
The cerulean imp closely misses you. Natasha casts a spell at you.
The magic dart hits you.
You shoot a sling bullet.
The sling bullet closely misses Natasha.
The sling bullet hits the cerulean imp.
The cerulean imp is severely wounded.
The cerulean imp hits you but does no damage.
Natasha barely misses you.
You shoot a sling bullet. The sling bullet hits Natasha!
Natasha is severely wounded.
The cerulean imp completely misses you. Natasha closely misses you.
The cerulean imp barely misses you.
Natasha mumbles some strange words.
Natasha's front paws start to glow.
Natasha closely misses you.
You shoot a sling bullet. The sling bullet hits Natasha.
Natasha is severely wounded.
The cerulean imp hits you from afar with a +1 spear.
Natasha casts a spell at you. The magic dart hits you!
You die...

### ##.# #.# ##..# #.#
#...# ##.###..##
######..#....#
.......##.##.#
######.##.#..# ###
#....#.#########.....
###..###.###.@h5...#
####....#...#...###.#.....
#.........%...#.# .# ###
.......[.######.# .#
.#.#>#...# #.# ..
#..#...### #.. h# ..#..###
# ..# .# .#...####.... ..#
.# .#........# #.#


You could see Natasha and a cerulean imp (summoned).

Vanquished Creatures
  A gnoll (D:1)
  A worm (D:1)
  3 ball pythons
  4 endoplasms
  5 goblins (D:1)
  2 hobgoblins (D:1)
  4 kobolds
  A quokka (D:1)
  4 bats
  3 frilled lizards
  2 rats
30 creatures vanquished.

Notes
Turn   | Place    | Note
-------+----------+-------------------------------------------
     0 | D:1      | qw the Gargoyle Hexslinger began the quest for the Orb.
     0 | D:1      | Reached XP level 1. HP: 12/12 MP: 2/2
     0 | D:1      | 0 ||| qw: Version: 0.3-a-46-gb1f654a
     0 | D:1      | 0 ||| qw: Game counter: 3624
     0 | D:1      | 0 ||| qw: Melee chars always use a shield: true
     0 | D:1      | 0 ||| qw: God list: Okawaru
     0 | D:1      | 0 ||| qw: Allow faded altars: false
     0 | D:1      | 0 ||| qw: Do Orc after clearing Dungeon:15 true
     0 | D:1      | 0 ||| qw: Do second Lair branch before Depths: true
     0 | D:1      | 0 ||| qw: Lair rune preference: random
     0 | D:1      | 0 ||| qw: Goals: Normal
     0 | D:1      | 0 ||| PLANNING D:1-11
    52 | D:1      | HP: 3/12 [endoplasm (3)]
   104 | D:1      | Reached skill level 3 in Ranged Weapons
   104 | D:1      | Reached XP level 2. HP: 11/16 MP: 3/3
   139 | D:1      | 139 ||| FLEEEEING.
   140 | D:1      | 140 ||| FLEEEEING.
   141 | D:1      | 141 ||| FLEEEEING.
   205 | D:1      | Reached XP level 3. HP: 21/21 MP: 4/4
   649 | D:1      | 649 ||| UPGRADING to +0 ring mail.
   659 | D:1      | 659 ||| DROPPING +0 robe.
   660 | D:1      | 660 ||| UPGRADING to +0 cloak.
   665 | D:1      | 665 ||| DROPPING amulet of magic regeneration.
   666 | D:1      | 666 ||| READING 2 scrolls labelled IWNOSAD TUOKI.
   667 | D:1      | 667 ||| READING scroll labelled QOITOM USACVEI.
   668 | D:1      | 668 ||| READING scroll labelled GYUTID PIAT.
   669 | D:1      | 669 ||| READING scroll labelled PUTOSI CI PIAH.
   670 | D:1      | 670 ||| DRINKING 2 purple potions.
   671 | D:1      | 671 ||| DROPPING scroll of noise.
   672 | D:1      | 672 ||| DROPPING scroll of poison.
   706 | D:2      | 706 ||| FLEEEEING.
   707 | D:2      | 707 ||| FLEEEEING.
   708 | D:2      | 708 ||| FLEEEEING.
   709 | D:2      | 709 ||| FLEEEEING.
   710 | D:2      | 710 ||| FLEEEEING.
   711 | D:2      | 711 ||| STAIRDANCE
   739 | D:2      | 739 ||| STAIRDANCE
   835 | D:2      | Reached skill level 1 in Armour
   869 | D:2      | Found the +0 toga "Victory" {*Victory Clar}
   925 | D:2      | Noticed Natasha
   926 | D:2      | 926 ||| FLEEEEING.
   937 | D:2      | Killed from afar by Natasha

Levels and vault maps discovered:
D:1:      denvon_arrival_planthouse, layout_basic
D:2:      layout_rooms, uniq_natasha

Skill      XL: |  1  2  3 |
---------------+----------+-----
Ranged Weapons | 3 |  3.3
Fighting       | 2 |  2.0
Armour         | 1 |  1.0
Dodging        | |  1.5
Spellcasting   | |  1.0
Hexes          | |  2.6

Action                     || total
---------------------------++-------
   Fire: Sling             ||    99
    Use: Scroll            ||     4
         Potion            ||     1
 Armour: Robe              ||     9
         Ring mail         ||    22
  Dodge: Dodged            ||    35

Table legend:
 A = Non-vault XP
 B = Vault XP
 C = Vault XP percentage of total XP
 D = Non-vault monster count
 E = Vault monster count
 F = Vault count percentage of total count
                 A         B        C        D         E       F
            +---------+---------+-------+---------+---------+-------
      Total |      63 |       0 |   0.0 |      30 |       0 |   0.0
            +---------+---------+-------+---------+---------+-------
        D:1 |      54 |       0 |   0.0 |      23 |       0 |   0.0
        D:2 |       9 |       0 |   0.0 |       7 |       0 |   0.0
            +---------+---------+-------+---------+---------+-------
